 Dungeon Crawl Stone Soup version 0.17-a0-1014-g1ec2a3b (webtiles) character file.

331 digdugdiggy the Basher (level 6, -22/66 HPs)
             Began as an Ogre Gladiator on May 14, 2015.
             Was an Initiate of Okawaru.
             Annihilated by an ogre
             ... wielding a +0 giant spiked club
              (24 damage)
             ... on level 3 of the Dungeon.
             The game lasted 00:03:37 (3041 turns).

digdugdiggy the Basher (Ogre Gladiator)             Turns: 3041, Time: 00:03:37

Health: -22/66     AC:  3    Str: 21    XL:     6   Next: 52%
Magic:  6/6        EV: 10    Int:  7    God:    Okawaru [......]
Gold:   109        SH:  0    Dex: 12    Spells: 0 memorised, 5 levels left

rFire  . . .     SeeInvis .     a - +0 flail
rCold  + . .     Clarity  .     b - +0 robe
rNeg   . . .     SustAb   .     (no shield)
rPois  .         Gourm    .     c - +0 hat
rElec  .         Spirit   .     (no cloak)
rCorr  .         Warding  .     (gloves unavailable)
rMut   .         Stasis   .     (boots unavailable)
MR     .....                    (no amulet)
Stlth  +.........               (no ring)
                                f - ring of protection from cold

@: not resistant to hostile enchantments, very unstealthy
A: unfitting armour, tough skin 1
a: Renounce Religion


You were on level 3 of the Dungeon.
You worshipped Okawaru.
Okawaru was noncommittal.
You were not hungry.

You visited 1 branch of the dungeon, and saw 3 of its levels.

You collected 109 gold pieces.

Inventory:

Hand weapons
 a - a +0 flail (weapon)
Missiles
 d - 3 throwing nets (quivered)
Armour
 b - a +0 robe (worn)
 c - a +0 hat (worn)
Jewellery
 f - a ring of protection from cold (left hand)
Scrolls
 j - a scroll of random uselessness {unknown}
 o - a scroll of identify {unknown}
Potions
 g - a potion of mutation {unknown}
 l - a potion of resistance {unknown}
 m - a potion of brilliance {unknown}
 n - a potion of agility {unknown}
Comestibles
 e - 3 bread rations
 h - 2 meat rations
 i - 2 beef jerkies
 k - a chunk of flesh


   Skills:
 + Level 5.2 Fighting
 * Level 8.2 Maces & Flails
 - Level 2.1 Throwing
 - Level 2.6 Dodging


You had 5 spell levels left.
You didn't know any spells.

Dungeon Overview and Level Annotations

Branches:
Dungeon (3/15)

Altars:
Makhleb
Okawaru
Trog
Zin


Innate Abilities, Weirdness & Mutations

You are too large for most types of armour.
You have tough skin (AC +1).


Message History

The ogre barely misses you.
You thump the ogre!
The ogre is heavily wounded.
The ogre hits you with a giant spiked club!!!
Ouch! That really hurt!
The moth of wrath goads the rat on!
The rat goes berserk!
You are too injured to fight recklessly!
Unknown command.
The ogre rages.
The ogre hits you with a giant spiked club!!
* * * LOW HITPOINT WARNING * * *
You are too injured to fight recklessly!
Drink which item? (? for menu, Esc to quit)
You can't drink that!
Drink which item? (? for menu, Esc to quit)
Okay, then.
You barely miss the ogre.
The ogre is heavily wounded.
The ogre hits you with a giant spiked club!!
You die...

#.##....r....##
#.#....###....#
#.#...##y##...#
#.#....###.r..#
#.#.......r...#
#.##.........#
#..##...rr..#
##..####O####
##...##@#
###....# ######


You could see a moth of wrath, an ogre (berserk) and 4 rats.

Vanquished Creatures
  Sigmund (D:3)
  6 adders
  3 gnolls (D:2)
  2 oozes
  3 worms (D:2)
  2 orcs (D:3)
  4 giant cockroaches
  9 hobgoblins
  5 jackals (D:2)
  2 quokkas
  A ball python (D:1)
  10 bats
  2 giant newts (D:2)
  10 goblins
  8 kobolds
  11 rats
79 creatures vanquished.

Notes
Turn   | Place    | Note
--------------------------------------------------------------
     0 | D:1      | digdugdiggy the Ogre Gladiator began the quest for the Orb.
     0 | D:1      | Reached XP level 1. HP: 22/22 MP: 1/1
    56 | D:1      | Reached XP level 2. HP: 21/31 MP: 2/2
   669 | D:1      | Reached skill level 5 in Maces & Flails
   691 | D:1      | Reached XP level 3. HP: 27/37 MP: 3/3
  1141 | D:2      | Found a burning altar of Makhleb.
  1141 | D:2      | Noticed an Executioner
  1206 | D:2      | Noticed an orange demon
  1206 | D:2      | Noticed a hellwing
  1433 | D:2      | Reached XP level 4. HP: 17/48 MP: 4/4
  1720 | D:2      | Found an iron altar of Okawaru.
  1778 | D:2      | Reached skill level 6 in Maces & Flails
  1851 | D:2      | Became a worshipper of Warmaster Okawaru
  2021 | D:2      | Found a glowing silver altar of Zin.
  2302 | D:2      | Reached XP level 5. HP: 34/54 MP: 5/5
  2558 | D:3      | Reached skill level 7 in Maces & Flails
  2716 | D:3      | Noticed Sigmund
  2733 | D:3      | Killed Sigmund
  2733 | D:3      | Reached skill level 5 in Fighting
  2733 | D:3      | Reached skill level 8 in Maces & Flails
  2733 | D:3      | Reached XP level 6. HP: 40/66 MP: 6/6
  3033 | D:3      | Noticed a moth of wrath
  3034 | D:3      | Noticed an ogre
  3036 | D:3      | Found a bloodstained altar of Trog.
  3040 | D:3      | HP: 2/66 [ogre/giant spiked club (25)]
  3041 | D:3      | Annihilated by an ogre

Vault maps used:
D:1:      dpeg_arrival_ratfight
D:2:      lemuel_doored_altar, okawaru_trees_1, makhleb_altar_promises_db
D:3:      tgw_trog, uniq_sigmund

Action                   |  1- 3 |  4- 6 || total
-------------------------+-------+-------++-------
Melee: Flail             |   130 |   109 ||   239
  Use: Scroll            |     3 |       ||     3
       Potion            |     2 |     3 ||     5
 Stab: Sleeping          |     1 |     1 ||     2
  Eat: Chunk             |     2 |     5 ||     7
